 Dungeon Crawl Stone Soup version 0.21-a0-536-gdbbf329 (webtiles) character file.

356 solxrula the Cudgeler (level 6, -1/61 HPs)
             Began as a Troll Berserker on Dec 15, 2017.
             Was a Priest of Trog.
             Slain by an orc
             ... wielding a +2 war axe of electrocution
              (7 damage)
             ... on level 4 of the Dungeon.
             The game lasted 00:11:27 (2280 turns).

solxrula the Cudgeler (Troll Berserker)             Turns: 2280, Time: 00:11:27

Health: -1/61      AC:  6    Str: 28    XL:     6   Next: 36%
Magic:  5/5        EV: 10    Int:  3    God:    Trog [***...]
Gold:   125        SH:  0    Dex:  9    Spells: 5/5 levels left

rFire    . . .     SeeInvis .   a - +1 mace
rCold    . . .     Gourm    +   (no shield)
rNeg     . . .     Faith    .   b - +1 animal skin
rPois    .         Spirit   .   (helmet restricted)
rElec    .         Reflect  .   (no cloak)
rCorr    .         Harm     .   (gloves unavailable)
MR       .....                  (boots unavailable)
Stlth    ++........             (no amulet)
HPRegen  0.60/turn              e - ring of stealth
MPRegen  0.09/turn              (no ring)

@: no status effects
A: large, unfitting armour, claws 3, fast metabolism 3, gourmand, regeneration
1, shaggy fur 1, tough skin 2
a: Berserk, Trog's Hand, Burn Spellbooks, Renounce Religion


You were on level 4 of the Dungeon.
You worshipped Trog.
Trog was most pleased with you.
You were not hungry.

You visited 1 branch of the dungeon, and saw 4 of its levels.

You collected 125 gold pieces.

Inventory:

Hand Weapons
 a - a +1 mace (weapon)
Missiles
 d - 56 stones (quivered)
Armour
 b - a +1 animal skin (worn)
Jewellery
 e - a ring of stealth (left claw)
Wands
 f - a wand of digging (12)
Scrolls
 j - 2 scrolls of teleportation
Potions
 g - a potion of might
 h - a potion of lignification {unknown}
 k - 3 potions of heal wounds
Comestibles
 c - 5 bread rations
 i - 4 royal jellies


   Skills:
 + Level 3.0 Fighting
 * Level 5.5 Maces & Flails
 + Level 1.1 Throwing
 + Level 3.2 Dodging
 + Level 0.2 Stealth


You had 5 spell levels left.
You didn't know any spells.

Dungeon Overview and Level Annotations

Branches:
Dungeon (4/15)
 Temple: D:4-7

Altars:
Wu Jian
Yredelemnul

Shops:
D:4 !

Annotations:
D:3 2 transporters


Innate Abilities, Weirdness & Mutations

You are too large for most types of armour.
You have claws for hands.
Your metabolism is lightning-fast.
You like to eat raw meat.
Your natural rate of healing is unusually fast.
You are covered in fur. (AC +1)
You have very tough skin. (AC +2)


Message History

The orc priest is heavily wounded.
The orc priest barely misses you.
You hit the orc priest.
The orc priest is severely wounded.
The orc priest hits you with a flail!
You hit the orc priest but do no damage.
The orc priest is severely wounded.
The orc priest invokes the aid of Beogh against you.
Beogh smites you!
You hit the orc priest.
The orc priest is almost dead.
The orc priest mumbles some strange prayers to Beogh against you.
Beogh smites you!
* * * LOW HITPOINT WARNING * * *
You sock the orc priest!
You kill the orc priest!
Trog accepts your kill.
You completely miss the orc.
The orc hits you with a war axe of electrocution!
You die...

#..#.....#.#.#........
..........#.#.........
......###..#...######.
..[... #..###.# ##..
.... ...# #.###.. #.
#.#.###...#.#
..#..####.#.#
#.####...##
##..o@..#..####
#(..######....#
..(.(.(.#......(....#
.(..((.########.....#
...(... #.....#
......# ##....# ......
##...# .....# #...#
....# #...#


You could see an orc.

Vanquished Creatures
  A scorpion (D:4)
  A howler monkey (D:2)
  An orc priest (D:4)
  An orc wizard (D:4)
  2 worker ants (D:4)
  3 adders
  3 gnolls (D:3)
  2 oozes
  An adder skeleton (D:2)
  An adder zombie (D:2)
  6 worms
  A dart slug (D:3)
  4 leopard geckos
  2 orcs (D:4)
  7 bats
  4 giant cockroaches
  9 goblins
  7 hobgoblins
  4 jackals (D:3)
  A quokka (D:3)
  3 frilled lizards
  7 kobolds
  6 rats
77 creatures vanquished.

Notes
Turn   | Place    | Note
-------+----------+-------------------------------------------
     0 | D:1      | solxrula the Troll Berserker began the quest for the Orb.
     0 | D:1      | Reached XP level 1. HP: 22/22 MP: 0/0
   122 | D:1      | Reached skill level 3 in Maces & Flails
   161 | D:1      | Reached XP level 2. HP: 23/29 MP: 1/1
   582 | D:2      | Reached ** piety under Trog
   644 | D:2      | Reached XP level 3. HP: 33/36 MP: 2/2
   751 | D:2      | Reached XP level 4. HP: 39/44 MP: 3/3
   793 | D:2      | Reached skill level 4 in Maces & Flails
  1573 | D:3      | Reached XP level 5. HP: 37/52 MP: 4/4
  1609 | D:3      | Reached *** piety under Trog
  1654 | D:3      | Found an ornate altar of the Wu Jian Council.
  1656 | D:3      | Found a basalt altar of Yredelemnul.
  1661 | D:3      | Noticed a phantom
  1667 | D:3      | Found a transporter.
  1679 | D:3      | Found a transporter.
  1939 | D:4      | Found Waong's Distillery.
  1983 | D:4      | Reached skill level 5 in Maces & Flails
  2023 | D:4      | Reached XP level 6. HP: 15/59 MP: 5/5
  2228 | D:4      | Reached skill level 1 in Throwing
  2280 | D:4      | Slain by an orc

Vault maps used:
D:1:      dpeg_arrival_shrine
D:3:      gammafunk_temple_overflow_arena, first_bread
D:4:      nicolae_dithmenos_shadow_blocks, serial_shops, shop

Skill      XL: |  1  2  3  4  5  6 |
---------------+-------------------+-----
Maces & Flails | 3 4 5 |  5.5
Dodging        | 3 |  3.2
Fighting       | 3 |  3.0
Throwing       | 1 |  1.1
Stealth        | |  0.2

Action                   |  1- 3 |  4- 6 || total
-------------------------+-------+-------++-------
Melee: Mace              |    77 |   199 ||   276
Throw: Stone             |    19 |    72 ||    91
  Use: Scroll            |     3 |     6 ||     9
       Potion            |     2 |     1 ||     3
  Eat: Chunk             |    13 |    10 ||    23
Armor: Animal skin       |    31 |    73 ||   104
Dodge: Dodged            |    49 |    93 ||   142

Table legend:
 A = Spawn XP
 B = Non-spawn XP
 C = Spawn XP percentage of total XP
 D = Spawn monster count
 E = Non-spawn monster count
 F = Spawn count percentage of total count
 G = Total turns spent on level
                    A         B        C        D         E        F      G
               +---------+---------+-------+---------+---------+-------+---------
         Total |       0 |     509 |   0.0 |       0 |      77 |   0.0 |  2280
               +---------+---------+-------+---------+---------+-------+---------
           D:1 |       0 |      19 |   0.0 |       0 |      12 |   0.0 |   466
           D:2 |       0 |     112 |   0.0 |       0 |      25 |   0.0 |   909
           D:3 |       0 |     124 |   0.0 |       0 |      28 |   0.0 |   564
           D:4 |       0 |     254 |   0.0 |       0 |      12 |   0.0 |   341
               +---------+---------+-------+---------+---------+-------+---------
